 Dungeon Crawl Stone Soup version 0.26.1-11-gd32895ea62 (webtiles) character file.

Game seed: 12370977482002409657

30042 ubername the Gelid (level 13, -9/93 HPs)
             Began as a Barachi Ice Elementalist on July 12, 2021.
             Was an Elder of Vehumet.
             Mangled by a boulder beetle (22 damage)
             ... on level 15 of the Dungeon.
             The game lasted 01:18:41 (21910 turns).

ubername the Gelid (Barachi Ice Elementalist)      Turns: 21910, Time: 01:18:41

Health: -9/93      AC: 14    Str:  8    XL:     13   Next: 49%
Magic:  0/37       EV: 15    Int: 31    God:    Vehumet [****..]
Gold:   1076       SH:  0    Dex: 12    Spells: 3/34 levels left

rFire    . . .     SeeInvis +   a - +5 scimitar (freeze)
rCold    . . .     Faith    .   (no shield)
rNeg     . . .     Spirit   +   z - +2 robe
rPois    .         Reflect  .   P - +2 hat {SInv}
rElec    .         Harm     .   f - +2 cloak
rCorr    .         Rampage  .   g - +2 pair of gloves
Will     .....                  (no boots)
Stlth    +++.......             N - amulet of guardian spirit
HPRegen  0.25/turn              S - +6 ring of intelligence
MPRegen  0.25/turn              d - ring of Light {+Fly MP+9 Str-4 Int+6 SInv}

@: can't hop, slow
A: +LOS, swims, horns 1, iridescent scales 1, slowness 1, strong legs 2
a: Hop, Renounce Religion, Evoke Flight


You were on level 15 of the Dungeon.
You worshipped Vehumet.
Vehumet was greatly pleased with you.
You visited 2 branches of the dungeon, and saw 16 of its levels.
You also visited: Ossuary and Bailey.

You collected 1076 gold pieces.

Inventory:

Hand Weapons
 a - a +5 scimitar of freezing (weapon)
 b - the +8 dagger of Xuiri {speed, Int+3}
   (You found it on level 11 of the Dungeon)

   Attacks with this weapon are significantly faster.
   It affects your intelligence (+3).
 p - the +8 long sword of the Everdark {antimagic, +Inv rF++ Dex-2}
   (You found it on level 13 of the Dungeon)

   It reduces the magical energy of the wielder, and disrupts the spells and
   magical abilities of those hit.
   Natural abilities and divine invocations are not affected.
   It affects your dexterity (-2).
   It greatly protects you from fire.
   It lets you turn invisible.
 I - a +4 falchion of holy wrath
Missiles
 j - 12 poisoned darts (quivered)
 K - 4 boomerangs of dispersal
 T - 7 curare-tipped darts
Armour
 f - a +2 cloak (worn)
 g - a +2 pair of gloves (worn)
 z - a +2 robe (worn)
 P - a +2 hat of see invisible (worn)
Magical Staves
 H - an uncursed staff of death
 M - an uncursed staff of earth
Jewellery
 d - the ring of Light (right hand) {+Fly MP+9 Str-4 Int+6 SInv}
   (You took it off a deep elf mage on level 12 of the Dungeon)

   [ring of flight]

   It affects your strength (-4).
   It affects your intelligence (+6).
   It affects your magic capacity (+9).
   It lets you see invisible.
   It lets you fly.
 N - an amulet of guardian spirit (around neck)
 Q - an uncursed ring of fire
 S - a +6 ring of intelligence (left hand)
 W - an uncursed ring of ice
 Y - an uncursed ring of willpower
Wands
 c - a wand of polymorph (22)
 e - a wand of enslavement (10)
 h - a wand of digging (5)
 y - a wand of random effects (18)
 E - a wand of paralysis (10)
 J - a wand of iceblast (7)
 O - a wand of flame (40)
 R - a wand of acid (9)
Scrolls
 k - a scroll of blinking
 o - a scroll of enchant armour
 u - 10 scrolls of remove curse
 A - 4 scrolls of teleportation
 C - a scroll of enchant weapon
 D - 2 scrolls of amnesia
 G - 4 scrolls of magic mapping
 L - a scroll of fog
 V - a scroll of silence
Potions
 i - 2 potions of berserk rage
 l - 4 potions of flight
 n - a potion of cancellation
 t - 3 potions of curing
 v - 4 potions of brilliance
 B - 2 potions of ambrosia
 X - 4 potions of haste


   Skills:
 + Level 5.8 Fighting
 + Level 2.6(5.6) Short Blades
 + Level 8.5(8.8) Long Blades
 + Level 1.0(2.3) Slings
 + Level 3.3(3.4) Throwing
 + Level 7.1 Dodging
 + Level 5.2 Stealth
 + Level 11.1 Spellcasting
 + Level 3.4 Conjurations
 + Level 1.9 Hexes
 + Level 1.6 Summonings
 + Level 2.1 Fire Magic
 * Level 16.1 Ice Magic
 + Level 1.1 Air Magic
 + Level 4.2 Earth Magic
 + Level 0.1 Poison Magic
 + Level 0.3 Evocations


You had 3 spell levels left.
You knew the following spells:

 Your Spells              Type           Power        Failure   Level
a - Bolt of Magma         Conj/Fire/Erth 18%          6%          5
b - Frozen Ramparts       Ice            100%         0%          3
c - Ozocubu's Armour      Ice            87%          0%          3
d - Sandblast             Erth           86%          1%          1
e - Hailstorm             Conj/Ice       67%          1%          4
f - Summon Ice Beast      Ice/Summ       64%          1%          4
g - Mephitic Cloud        Conj/Pois/Air  26%          1%          3
h - Inner Flame           Hex/Fire       29%          1%          3
i - Yara's Violent Unrav  Hex/Tmut       11%          14%         5

Your spell library contained the following spells:

 Spells                   Type           Power        Failure   Level
 Freezing Cloud           Conj/Ice/Air   28%          7%          6
 Freeze                   Ice            100%         0%          1
 Foxfire                  Conj/Fire      100%         1%          1
 Summon Small Mammal      Summ           100%         1%          1
 Call Imp                 Summ           27%          2%          2
 Confusing Touch          Hex            29%          3%          3
 Call Canine Familiar     Summ           27%          4%          3
 Summon Guardian Golem    Hex/Summ       28%          4%          3
 Gell's Gravitas          Tloc           8%           9%          3
 Metabolic Englaciation   Hex/Ice        32%          1%          5
 Iskenderun's Battlesphe  Conj           38%          5%          5
 Petrify                  Tmut/Erth      30%          12%         4
 Cause Fear               Hex            14%          13%         4
 Summon Lightning Spire   Summ/Air       26%          16%         4
 Iron Shot                Conj/Erth      20%          24%         6
 Silence                  Hex/Air        13%          38%         5
 Conjure Ball Lightning   Conj/Air       15%          41%         6
 Orb of Destruction       Conj           19%          80%         7
 Spellforged Servitor     Conj/Summ      16%          88%         7
 Dragon Form              Tmut           8%           100%        7
 Dragon's Call            Summ           13%          100%        9
 Tornado                  Air            12%          100%        9


Dungeon Overview and Level Annotations

Branches:
Dungeon (15/15)            Temple (1/1) D:4            Lair (0/6) D:9
    Orc (0/2) D:10         Vaults (0/5) D:14        Ossuary (visited)
 Bailey (visited)
 Depths: D:15

Altars:
Ashenzari
Cheibriados
Dithmenos
Elyvilon
Fedhas
Gozag
Hepliaklqana
Kikubaaqudgha
Makhleb
Nemelex Xobeh
Okawaru
Qazlal
Ru
Sif Muna
Trog
Uskayaw
Vehumet
Wu Jian
Xom
Yredelemnul
Zin
The Shining One

Shops:
D:14 *=

Portals:
Trove: D:14 (give +5 ice dragon scales)

Annotations:
D:11 2 transporters, 0gre's ghost, journeyman GnIE
D:12 2 runed translucent doors, exclusion: 4 orange crystal statues


Innate Abilities, Weirdness & Mutations

You can be seen from farther away. (+LOS)
You can swim through water.
You cover ground slowly.
You can hop long distances.
You have a pair of small horns on your head.
You are partially covered in iridescent scales. (AC +2)


Message History

Your icy armour and frozen ramparts will break if you move.
Continue?
Hop to where?
Press: ? - help, Dir - move target Your icy armour and frozen ramparts will break if you move.
Continue?
Your icy armour cracks and falls away as you move.
The frozen ramparts melt away as you move.
Boing!
As you read the scroll of fear, it crumbles to dust.
You assume a fearsome visage.
The boulder beetle looks frightened!
The boulder beetle leaps!
You open the door. The boulder beetle misses you.
The boulder beetle stops rolling and uncurls.
There is an open door here.
The boulder beetle seems to regain its courage.
There's a creature in the doorway!
You hit the boulder beetle but do no damage.
The boulder beetle is almost dead.
The boulder beetle bites you!!
You die...

#o..†........ ..
#...○........
.....####)###.....
........°...# ..
######.°....#
#...○B.....#
#...######## #+##
#...B......# ...#
#...#@.....# ...#
#####......# ...#
######## ...# .(.#
...# ...# ####


You could see a boulder beetle.

Vanquished Creatures
  2 boulder beetles
  A hydra (D:11)
  2 centaur warriors
  A death knight (D:12)
  A two-headed ogre (D:14)
  An ogre mage (D:14)
  A tengu warrior (D:13)
  2 skeletal warriors (D:12)
  2 unseen horrors
  5 ugly things
  The ghost of 0gre the Chiller, a novice GnIE (D:6)
  3 deep elf magi
  2 cyclopes
  A centaur zombie (D:13)
  2 gargoyles
  3 tengu conjurers
  3 meliai (D:14)
  2 trolls
  A hornet (D:14)
  7 slime creatures
  Sigmund (D:4)
  3 wraiths
  21 yaks
  2 vampires
  A shadow (D:13)
  2 basilisks (D:9)
  3 wyverns
  Grum (D:9)
  Menkaure (D:5)
  4 water moccasins (D:9)
  A hornet zombie (D:9)
  4 black bears
  6 orc warriors
  7 ice beasts
  A phantom (D:13)
  An eye of draining (D:12)
  2 necrophages
  2 sky beasts
  4 wolves (D:9)
  3 ogres
  16 centaurs
  A big kobold (D:9)
  An elf zombie (Ossuary)
  10 bullfrogs
  A gnoll sergeant (D:9)
  A wyvern skeleton (D:12)
  5 scorpions
  13 killer bees
  4 howler monkeys
  4 wights
  5 quasits
  A human zombie (Ossuary)
  8 orc priests
  2 centaur skeletons
  6 hounds
  5 orc wizards
  3 bullfrog skeletons
  Ijyb (D:4)
  Terence (D:2)
  2 iguanas
  8 worker ants
  2 big kobold zombies (Ossuary)
  3 hound zombies
  3 mummies (Ossuary)
  2 howler monkey zombies
  3 worker ant zombies
  12 gnolls
  A howler monkey skeleton (D:6)
  11 adders
  2 shadow imps
  2 white imps
  An ufetubus (D:7)
  3 worms
  5 dart slugs
  7 leopard geckos
  26 orcs
  5 ball pythons
  7 bats
  12 giant cockroaches
  9 goblins
  10 hobgoblins
  17 jackals
  2 quokkas
  4 frilled lizards
  A giant cockroach zombie (D:5)
  5 gnoll zombies (Ossuary)
  2 goblin zombies (Ossuary)
  A jackal skeleton (D:6)
  5 jackal zombies (Ossuary)
  8 kobolds
  2 kobold zombies (Ossuary)
  An orc zombie (Ossuary)
  2 quokka skeletons
  5 quokka zombies
  8 rats
  8 rat zombies
408 creatures vanquished.

Vanquished Creatures (collateral kills)
  A two-headed ogre (D:14)
  A phantasmal warrior (D:12)
  3 wights (D:11)
5 creatures vanquished.

Vanquished Creatures (others)
  6 fungi
  24 plants (D:9)
30 creatures vanquished.

Grand Total: 443 creatures vanquished

Notes
Turn   | Place    | Note
-------+----------+-------------------------------------------
     0 | D:1      | ubername the Barachi Ice Elementalist began the quest for
                  | the Orb.
     0 | D:1      | Reached XP level 1. HP: 13/13 MP: 3/3
    42 | D:1      | Reached skill level 5 in Ice Magic
   410 | D:1      | Reached XP level 2. HP: 16/19 MP: 5/5
   998 | D:1      | Reached XP level 3. HP: 24/24 MP: 2/6
  1002 | D:1      | Learned a level 3 spell: Frozen Ramparts
  1407 | D:2      | Found a sacrificial altar of Ru.
  1407 | D:2      | Noticed Terence
  1430 | D:2      | Reached skill level 1 in Short Blades
  1577 | D:2      | Killed Terence
  1578 | D:2      | Reached XP level 4. HP: 16/31 MP: 2/8
  1725 | D:2      | Learned a level 3 spell: Ozocubu's Armour
  1780 | D:2      | Found a hazy altar of Hepliaklqana.
  2335 | D:2      | Found a shimmering blue altar of Sif Muna.
  2466 | D:3      | Reached skill level 1 in Fighting
  2541 | D:3      | Reached XP level 5. HP: 37/37 MP: 9/9
  2587 | D:3      | Reached skill level 1 in Throwing
  3446 | D:3      | Found an ornate altar of the Wu Jian Council.
  3711 | D:4      | Noticed Ijyb
  3719 | D:4      | Noticed Sigmund
  3852 | D:4      | Found a staircase to the Ecumenical Temple.
  3862 | Temple   | Entered the Ecumenical Temple
  3970 | Temple   | Became a worshipper of Vehumet
  4023 | D:5      | Entered Level 5 of the Dungeon
  4035 | D:5      | Noticed an ice beast
  4052 | D:5      | Killed an ice beast
  4053 | D:5      | Reached skill level 6 in Ice Magic
  4053 | D:5      | Reached XP level 6. HP: 15/43 MP: 7/11
  4151 | D:5      | Noticed Menkaure
  4164 | D:5      | Killed Menkaure
  4165 | D:5      | Reached skill level 1 in Long Blades
  4245 | D:5      | Reached XP level 7. HP: 48/49 MP: 6/12
  4259 | D:5      | Got a shimmering trident
  4987 | D:5      | Reached skill level 7 in Ice Magic
  5096 | D:6      | Reached * piety under Vehumet
  5096 | D:6      | Offered knowledge of Sandblast by Vehumet.
  5145 | D:6      | Identified the +1 trident "Tiamieha" {vorpal, rPois Str-5
                  | SInv} (You found it on level 5 of the Dungeon)
  5166 | D:6      | Noticed a wyvern
  5171 | D:6      | Killed a wyvern
  5172 | D:6      | Reached XP level 8. HP: 4/57 MP: 5/14
  5387 | D:6      | Found a transporter.
  5392 | D:6      | Noticed 0gre's ghost (novice GnIE)
  5409 | D:6      | Found a transporter.
  5675 | D:6      | Reached skill level 8 in Ice Magic
  5839 | D:6      | Found a stormy altar of Qazlal.
  5925 | D:6      | Reached skill level 5 in Spellcasting
  6280 | D:6      | Found a faded altar of an unknown god.
  6280 | D:6      | Found a basalt altar of Yredelemnul.
  6328 | D:6      | Found a faded altar of an unknown god.
  6397 | D:6      | Found a broken altar of Ashenzari.
  6398 | D:6      | Found a snail-covered altar of Cheibriados.
  6605 | D:6      | Learned a level 1 spell: Sandblast
  6651 | D:7      | Reached XP level 9. HP: 63/63 MP: 2/16
  6774 | D:7      | Reached skill level 9 in Ice Magic
  6855 | D:7      | Found a flagged portal.
  6905 | Bailey   | Entered a bailey
  7032 | D:7      | Found a sand-covered staircase.
  7038 | D:7      | Reached skill level 1 in Earth Magic
  7113 | Ossuary  | Entered an ossuary
  7149 | Ossuary  | Learned a level 4 spell: Hailstorm
  7154 | Ossuary  | Learned a level 4 spell: Summon Ice Beast
  7209 | Ossuary  | Reached ** piety under Vehumet
  7322 | Ossuary  | Offered knowledge of Foxfire by Vehumet.
  7580 | Ossuary  | Offered knowledge of Mephitic Cloud by Vehumet.
  8347 | D:8      | Reached skill level 10 in Ice Magic
  8348 | D:8      | Reached skill level 1 in Slings
  8387 | D:8      | Learned a level 3 spell: Mephitic Cloud
  8469 | D:8      | Got a slimy hand axe
  8472 | D:8      | Gained mutation: You have a pair of small horns on your
                  | head. [potion of mutation]
  8472 | D:8      | Gained mutation: You are partially covered in iridescent
                  | scales. (AC +2) [potion of mutation]
  8657 | D:8      | Reached *** piety under Vehumet
  8941 | D:9      | Identified the +1 hand axe "Exoagh" {antimagic, Str+2 Dex+4
                  | Stlth+} (You found it on level 8 of the Dungeon)
  9024 | D:9      | Reached XP level 10. HP: 70/70 MP: 15/20
  9197 | D:9      | Reached skill level 5 in Dodging
  9203 | D:9      | Reached skill level 5 in Long Blades
  9203 | D:9      | Reached skill level 11 in Ice Magic
  9389 | D:9      | Found a staircase to the Lair.
  9488 | D:9      | Offered knowledge of Inner Flame by Vehumet.
  9920 | D:9      | Noticed Grum
  9936 | D:9      | Killed Grum
  9937 | D:9      | Reached skill level 12 in Ice Magic
 10421 | D:10     | Entered Level 10 of the Dungeon
 10639 | D:10     | Noticed a gargoyle
 10657 | D:10     | Killed a gargoyle
 10811 | D:10     | Reached **** piety under Vehumet
 10954 | D:10     | Reached skill level 1 in Conjurations
 11052 | D:10     | Learned a level 3 spell: Inner Flame
 11178 | D:10     | Reached XP level 11. HP: 21/78 MP: 3/22
 11488 | D:10     | Found a staircase to the Orcish Mines.
 12118 | D:8      | Noticed an unseen horror
 12122 | D:8      | Killed an unseen horror
 12872 | D:6      | Offered knowledge of Yara's Violent Unravelling by Vehumet.
 12875 | D:6      | Killed 0gre's ghost
 12876 | D:6      | Reached skill level 13 in Ice Magic
 13237 | D:4      | Killed Sigmund
 13243 | D:4      | Killed Ijyb
 13937 | D:11     | Noticed a four-headed hydra
 14216 | D:11     | Got a twisted dagger
 14219 | D:11     | Identified the +8 dagger of Xuiri {speed, Int+3} (You found
                  | it on level 11 of the Dungeon)
 14333 | D:11     | Found a transporter.
 14333 | D:11     | Noticed 0gre's ghost (journeyman GnIE)
 14342 | D:11     | Found a transporter.
 14347 | D:11     | Noticed a green ugly thing
 14367 | D:11     | Killed a green ugly thing
 14426 | D:11     | Noticed a brown ugly thing
 14438 | D:11     | Killed a brown ugly thing
 14442 | D:11     | Reached skill level 5 in Fighting
 14740 | D:11     | Reached skill level 1 in Summonings
 14929 | D:11     | Reached skill level 14 in Ice Magic
 14938 | D:11     | Reached XP level 12. HP: 80/86 MP: 22/25
 15020 | D:11     | Killed a five-headed hydra
 15021 | D:11     | Reached skill level 1 in Air Magic
 15305 | D:11     | Learned a level 5 spell: Yara's Violent Unravelling
 15650 | D:12     | Noticed a death knight
 16001 | D:12     | Killed a death knight
 16004 | D:12     | Found a runed translucent door.
 16006 | D:12     | Identified the ring of Light {+Fly MP+9 Str-4 Int+6 SInv}
 16009 | D:12     | Found the +10 tower shield of Ignorance {rN+ Int-4}
 16275 | D:12     | Reached ***** piety under Vehumet
 16275 | D:12     | Offered knowledge of Freezing Cloud by Vehumet.
 16408 | D:12     | Found a runed translucent door.
 16425 | D:12     | Reached skill level 1 in Hexes
 16692 | D:12     | Reached skill level 10 in Spellcasting
 16806 | D:12     | Noticed a centaur warrior
 16822 | D:12     | Killed a centaur warrior
 16823 | D:12     | Reached skill level 1 in Fire Magic
 17064 | D:12     | Reached skill level 15 in Ice Magic
 17322 | D:12     | Noticed a boulder beetle
 17342 | D:12     | Killed a boulder beetle
 17741 | D:13     | Learned a level 5 spell: Bolt of Magma
 18396 | D:13     | Got a flickering jade ring
 18408 | D:13     | Identified the cursed ring "Vaeked Eqeo" {AC-4 Str+3 Dex+4}
                  | (You found it on level 13 of the Dungeon)
 18450 | D:13     | Got an encrusted long sword
 18451 | D:13     | Identified the +8 long sword of the Everdark {antimagic,
                  | +Inv rF++ Dex-2} (You found it on level 13 of the Dungeon)
 19075 | D:13     | Noticed a centaur warrior
 19480 | D:13     | Killed a centaur warrior
 19577 | D:13     | Gained mutation: You can hop long distances. [Barachi
                  | growth]
 19577 | D:13     | Reached XP level 13. HP: 93/93 MP: 20/27
 21030 | D:14     | Found a portal to a secret trove of treasure.
 21067 | D:14     | Reached skill level 16 in Ice Magic
 21082 | D:14     | Paralysed by a hornet for 2 turns
 21085 | D:14     | Paralysed by a hornet for 3 turns
 21360 | D:14     | Found Arablo's Serpentskin Sales.
 21388 | D:14     | Reached skill level 5 in Stealth
 21535 | D:14     | Found a gate to the Vaults.
 21581 | D:14     | Found Biuwnet's Jewellery Boutique.
 21744 | D:14     | You fall into a shaft and drop 1 floor!
 21744 | D:15     | Entered Level 15 of the Dungeon
 21910 | D:15     | Mangled by a boulder beetle

Illustrated notes

Levels and vault maps discovered:
D:1:      minmay_arrival_up_and_down, layout_basic
D:2:      layout_rooms, lemuel_crystal_altar, lemuel_coloured_pillars_altar,
          nicolae_overflow_crystal_walls, uniq_terence
D:3:      corexii_shack_village, layout_rooms, marbit_many_paths,
          gup_sewer_entry_pipe
D:4:      minmay_bubble_buster, layout_cave_pools,
          minmay_temple_entry_antechambers, uniq_ijyb, uniq_sigmund
D:5:      layout_basic, uniq_menkaure
D:6:      layout_basic, old_standard_altar, chequers_temple_overflow_minitemple,
          serial_aquarium, aquarium_bridge_square [aquarium_subvault_bridge,
          aquarium_subvault_window, aquarium_subvault_wall,
          aquarium_subvault_bridge], aquarium_bridge_square
          [aquarium_subvault_wall, aquarium_subvault_bridge,
          aquarium_subvault_bridge, aquarium_subvault_balcony],
          aquarium_window_2, aquarium_window_1, aquarium_window_fake,
          aquarium_window_1, aquarium_view_2d, aquarium_view_2d,
          aquarium_pool_2, gammafunk_ghost_arena
D:7:      layout_loops_ring, enter_ossuary_4, enter_bailey_2
D:8:      layout_rooms, item_on_display_a
D:9:      layout_layer_cave, minmay_lair_entry_grove, uniq_grum
D:10:     layout_irregular_city, orc_0_dummy, bh_walls_and_bars
D:11:     layout_basic, gammafunk_ghost_mausoleum
D:12:     layout_basic, chequers_guarded_unrand_ignorance
D:13:     layout_long_grid
D:14:     layout_loops_ring, david_vaults_2, nicolae_trove_entry_free_sample,
          serial_glass, glass_columns_a, glass_columns_a, serial_shops,
          nicolae_shop_behind_doors, minivault_10, guppyfry_shop_venom
D:15:     hangedman_depths_entry_civil_slaughter, layout_grid_maze, uniq_agnes
Temple:   eino_temple_water

Skill      XL: |  1  2  3  4  5  6  7  8  9 10 11 12 13 |
---------------+----------------------------------------+-----
Ice Magic      | 5 6 7 8 10 12 14 15 16 | 16.1
Stealth        | 2 3 4 5 |  5.2
Short Blades   | 1 2 |  2.6
Fighting       | 1 2 3 4 5 |  5.8
Spellcasting   | 3 4 5 6 7 9 10 11 | 11.1
Throwing       | 1 2 3 |  3.3
Long Blades    | 1 3 4 5 7 8 |  8.5
Dodging        | 3 4 5 6 7 |  7.1
Earth Magic    | 2 3 4 |  4.2
Slings         | 1 |  1.0
Conjurations   | 1 2 3 |  3.4
Summonings     | 1 |  1.6
Air Magic      | 1 |  1.1
Hexes          | 1 |  1.9
Fire Magic     | 1 2 |  2.1
Poison Magic   | |  0.1
Evocations     | |  0.3

Action                   |  1- 3 |  4- 6 |  7- 9 | 10-12 | 13-15 || total
-------------------------+-------+-------+-------+-------+-------++-------
Melee: Short sword       |    47 |    69 |       |       |       ||   116
       Falchion          |       |    19 |   255 |   319 |       ||   593
       Headbutt          |       |       |     4 |    66 |    10 ||    80
       Dagger            |       |       |       |    25 |       ||    25
       Scimitar          |       |       |       |    14 |    59 ||    73
       Long sword        |       |       |       |     7 |       ||     7
 Fire: Hunting sling     |       |     3 |    16 |       |       ||    19
Throw: Dart              |       |    54 |    19 |    67 |     6 ||   146
 Cast: Freeze            |    17 |     9 |     6 |     4 |       ||    36
       Frozen Ramparts   |     2 |     9 |    32 |    78 |    18 ||   139
       Ozocubu's Armour  |       |     4 |    21 |    58 |    13 ||    96
       Sandblast         |       |       |    36 |    32 |       ||    68
       Hailstorm         |       |       |     5 |    27 |     5 ||    37
       Summon Ice Beast  |       |       |     1 |    13 |     2 ||    16
       Mephitic Cloud    |       |       |       |     8 |     1 ||     9
       Inner Flame       |       |       |       |    17 |     1 ||    18
       Bolt of Magma     |       |       |       |    13 |    11 ||    24
 Abil: Hop               |       |       |     2 |     5 |     2 ||     9
Evoke: Wand              |       |       |       |     6 |     2 ||     8
  Use: Scroll            |       |     9 |    16 |    17 |     8 ||    50
       Potion            |       |       |     2 |     7 |     2 ||    11
 Stab: Sleeping          |     1 |     3 |     6 |       |       ||    10
       Distracted        |       |       |     1 |     2 |       ||     3
       Confused          |       |       |       |       |     1 ||     1
Armor: Robe              |    11 |    18 |    74 |   197 |    40 ||   340
Dodge: Dodged            |    48 |   100 |   219 |   297 |    73 ||   737
       Rpst.: Falchion   |       |     7 |    65 |    63 |       ||   135
       Scimitar          |       |       |       |     2 |    14 ||    16
